 Dungeon Crawl Stone Soup version 0.29.0-4-gdea44cf6ec (webtiles) character file.

Game seed: 11082199107863561356

32 qw the Chopper (level 3, 0/21 HPs)
             Began as a Tengu Warper on Aug 28, 2022.
             Succumbed to an adder's poison
             ... on level 2 of the Dungeon.
             The game lasted 00:00:07 (1556 turns).

qw the Chopper (Tengu Warper)                       Turns: 1556, Time: 00:00:08

Health: 0/21       AC:  3    Str: 13    XL:     3   Next: 25%
Magic:  7/7        EV:  7    Int: 13    God:
Gold:   34         SH: 10    Dex: 13    Spells: 6/6 levels left

rFire   . . .      SeeInvis .   Y - +1 hand axe
rCold   . . .      Faith    .   e - +0 tower shield
rNeg    . . .      Spirit   .   b - +0 leather armour
rPois   .          Reflect  .   (helmet restricted)
rElec   .          Harm     .   (no cloak)
rCorr   .          Rampage  .   (no gloves)
Will    .....                   (boots unavailable)
Stlth   +.........              (no amulet)
HPRegen 0.07/turn               (no ring)
MPRegen 0.10/turn               (no ring)

@: lethally poisoned (0 -> -4)
A: beak, talons 3
a: no special abilities


You were on level 2 of the Dungeon.
You visited 1 branch of the dungeon, and saw 2 of its levels.

You collected 34 gold pieces.


Innate Abilities, Weirdness & Mutations

You have a beak for a mouth.
You have claws for feet.


   Skills:
 - Level 2.0 Fighting
 - Level 3.9 Axes
 - Level 1.0 Throwing
 - Level 1.1 Armour
 - Level 2.1 Dodging
 + Level 0.4 Shields
 - Level 2.0 Spellcasting
 - Level 2.4 Translocations


You had 6 spell levels left.
You didn't know any spells.
Your spell library contained the following spells:

 Spells                   Type           Power      Damage    Failure   Level
 Blink                    Tloc           14%        N/A       97%         2
 Gell's Gravitas          Tloc           7%         N/A       100%        3
 Lesser Beckoning         Tloc           7%         N/A       100%        3
 Teleport Other           Tloc           7%         N/A       100%        3
 Manifold Assault         Tloc           7%         N/A       100%        5

Inventory:

Hand Weapons
 c - the +8 whip of Precise Incision {protect, rF+ Int+3}
   (You found it on level 2 of the Dungeon)

   It grants its wielder temporary protection when it strikes (+7 to AC).
   Int:       It affects your intelligence (+3).
   rF:        It protects you from fire.
 Y - a +1 hand axe (weapon)
Armour
 b - a +0 leather armour (worn)
 d - a +0 cloak
 e - a +0 tower shield (worn)
Scrolls
 a - a scroll of poison {unknown}
 g - a scroll of immolation {unknown}
Potions
 f - a potion of attraction {unknown}
 h - a potion of heal wounds {unknown}
 l - a potion of curing {unknown}

Dungeon Overview and Level Annotations

Branches:
Dungeon (2/15)

Altars:


Message History

You block the quokka's attack. The quokka bites you.
You barely miss the quokka. Your kick misses the quokka.
Your peck misses the quokka.
The quokka is almost dead.
The quokka bites you.
The quokka bites you but does no damage.
The adder bites you.
You are poisoned.
The adder poisons you!
You hit the quokka.
You kill the quokka!
You closely miss the kobold. You hit the adder but do no damage.
You feel sick. The kobold barely misses you. You block the adder's attack.
The kobold barely misses you.
You hit the adder. Your kick misses the adder. Your peck misses the adder.
The adder is moderately wounded.
You barely miss the adder. You hit the kobold.
You feel sick. You block the adder's attack. The adder barely misses you.
You block the adder's attack. The kobold closely misses you.
A worm comes into view.
The adder bites you.
You barely miss the kobold. Your kick misses the kobold.
The kobold is heavily wounded.
You miss the adder. You barely miss the adder.
You feel sick.
You are no longer poisoned.
The adder bites you but does no damage. The adder barely misses you.
The kobold hits you with a +0 dagger. The adder bites you but does no damage.
The adder bites you.
You are lethally poisoned!
The adder poisons you! The kobold barely misses you.
You hit the kobold.
You kill the kobold!
You closely miss the adder. You hit the adder.
You feel sick. The adder completely misses you. The adder closely misses you.
The adder barely misses you. You block the adder's attack.
You hit the adder. Your kick misses the adder.
The adder is severely wounded.
You barely miss the adder.
You die...

# # # ##### ##########
...... ##.......# .....?
.'....<..# #......
##.......### .......
##.......+.######)......
.........#......@S...w..
..........?..####S.#.##.
....##.....### .##
###............ ..
#.#.##..##### .#. ###...
#..# .##. ...... .....
.. #. ###.####..### ##
## .. #...


You could see a worm and 2 adders.

Vanquished Creatures
  A dart slug (D:1)
  A bat (D:1)
  An endoplasm (D:1)
  4 giant cockroaches (D:1)
  A goblin (D:1)
  2 hobgoblins (D:1)
  2 quokkas
  3 ball pythons (D:1)
  3 frilled lizards
  6 kobolds
  5 rats
29 creatures vanquished.

Notes
Turn   | Place    | Note
-------+----------+-------------------------------------------
     0 | D:1      | qw the Tengu Warper began the quest for the Orb.
     0 | D:1      | Reached XP level 1. HP: 12/12 MP: 4/4
     0 | D:1      | 0 ||| qw: Version: 0.1-a-89-g26bdef1
     0 | D:1      | 0 ||| qw: Game counter: 1751
     0 | D:1      | 0 ||| qw: Always use a shield: true
     0 | D:1      | 0 ||| qw: God list: Okawaru
     0 | D:1      | 0 ||| qw: Allow faded altars: false
     0 | D:1      | 0 ||| qw: Do Orc after D:15 true
     0 | D:1      | 0 ||| qw: Do second Lair branch before Depths: true
     0 | D:1      | 0 ||| qw: Lair rune preference: random
     0 | D:1      | 0 ||| qw: Plans: Normal
     0 | D:1      | 0 ||| PLANNING D:1-11
    30 | D:1      | 30 ||| Stepping ~*~*~tactically~*~*~ (hiding).
   146 | D:1      | 146 ||| Stepping ~*~*~tactically~*~*~ (stealth).
   150 | D:1      | 150 ||| Stepping ~*~*~tactically~*~*~ (stealth).
   248 | D:1      | 248 ||| Stepping ~*~*~tactically~*~*~ (stealth).
   276 | D:1      | Found a faded altar of an unknown god.
   303 | D:1      | Reached XP level 2. HP: 14/17 MP: 6/6
   307 | D:1      | Reached skill level 3 in Axes
   888 | D:1      | Reached XP level 3. HP: 19/21 MP: 7/7
  1049 | D:1      | 1049 ||| DROPPING +0 club.
  1351 | D:1      | 1351 ||| UPGRADING to +0 tower shield.
  1356 | D:1      | 1356 ||| READING scroll labelled FAASETY ENONA.
  1357 | D:1      | 1357 ||| READING scroll labelled SERALEBERY.
  1358 | D:1      | 1358 ||| READING scroll labelled PIN WUIPNUCWAI.
  1359 | D:1      | 1359 ||| DRINKING 2 glowing pink potions.
  1460 | D:1      | 1460 ||| DROPPING scroll of blinking.
  1461 | D:1      | 1461 ||| DROPPING potion of ambrosia.
  1484 | D:2      | Identified the +8 whip of Precise Incision {protect, rF+
                  | Int+3}
  1486 | D:2      | 1486 ||| DROPPING +0 whip.
  1554 | D:2      | HP: 5/21 [kobold/+0 dagger (1)]
  1555 | D:2      | HP: 2/21 [poisoned by an adder]
  1556 | D:2      | Succumbed to an adder's poison

Levels and vault maps discovered:
D:1:      dpeg_arrival_concentric_ovals, layout_loops_ring,
          shapermc_ecumenical_altar_mp_vishouse
D:2:      layout_basic, minmay_tripent

Skill      XL: |  1  2 |
---------------+-------+-----
Axes           | 3 |  3.9
Fighting       | |  2.0
Throwing       | |  1.0
Armour         | |  1.1
Dodging        | |  2.1
Shields        | |  0.4
Spellcasting   | |  2.0
Translocations | |  2.4

Action                   || total
-------------------------++-------
Melee: Hand axe          ||    70
       Kick              ||    12
       Peck              ||     9
Throw: Boomerang         ||     7
  Use: Scroll            ||     3
       Potion            ||     1
 Stab: Sleeping          ||     1
Armor: Leather armour    ||    16
Dodge: Dodged            ||    30
Block: Tower shield      ||    10

Table legend:
 A = Non-vault XP
 B = Vault XP
 C = Vault XP percentage of total XP
 D = Non-vault monster count
 E = Vault monster count
 F = Vault count percentage of total count
                 A         B        C        D         E       F
            +---------+---------+-------+---------+---------+-------
      Total |      42 |       4 |   8.7 |      27 |       2 |   6.9
            +---------+---------+-------+---------+---------+-------
        D:1 |      40 |       0 |   0.0 |      25 |       0 |   0.0
        D:2 |       2 |       4 |  66.7 |       2 |       2 |  50.0
            +---------+---------+-------+---------+---------+-------
